 Dungeon Crawl Stone Soup version 0.21.1-1-g345015f (webtiles) character file.

505 sankara the Conjurer (level 6, -11/45 HPs)
             Began as a Draconian Conjurer on Feb 17, 2018.
             Mangled by an ice beast (19 damage)
             ... on level 6 of the Dungeon.
             The game lasted 00:18:14 (4885 turns).

sankara the Conjurer (Draconian Conjurer)           Turns: 4885, Time: 00:18:15

Health: -11/45     AC:  4    Str: 10      XL:     6   Next: 96%
Magic:  3/11       EV: 12    Int: 18 (19) God:
Gold:   225        SH:  0    Dex: 11 (12) Spells: 4/12 levels left

rFire    + + .     SeeInvis .   l - +9 spear of Otoludd {vamp, rF++ rC- Int+2}
rCold    x . .     Gourm    .   (no shield)
rNeg     . . .     Faith    .   (armour unavailable)
rPois    .         Spirit   .   (helmet restricted)
rElec    .         Reflect  .   (no cloak)
rCorr    .         Harm     .   (no gloves)
MR       .....                  (no boots)
Stlth    ++........             (no amulet)
HPRegen  0.15/turn              t - -2 ring of protection (curse)
MPRegen  0.12/turn              (no ring)

@: very slightly contaminated
A: unfitting armour, cold-blooded, AC +6
a: no special abilities


You were on level 6 of the Dungeon.
You were not hungry.

You visited 1 branch of the dungeon, and saw 6 of its levels.

You collected 225 gold pieces.

Inventory:

Hand Weapons
 a - a +0 dagger of flaming
 l - the +9 spear of Otoludd (weapon) {vamp, rF++ rC- Int+2}
   (You found it on level 4 of the Dungeon)

   It inflicts no extra harm, but heals its wielder when it wounds a living foe.
   It affects your intelligence (+2).
   It greatly protects you from fire.
   It makes you vulnerable to cold.
Missiles
 d - 142 stones (quivered)
 j - 15 poisoned needles
 q - 19 sling bullets
Jewellery
 t - a cursed -2 ring of protection (left hand)
Wands
 r - a wand of paralysis (9)
Scrolls
 c - a scroll of identify
 e - a scroll of fog
 f - a scroll of magic mapping
 i - 4 scrolls of teleportation
Potions
 m - a potion of agility
Books
 k - a book of Conjurations

   Spells                             Type                      Level
   a - Magic Dart                     Conjuration                  1
   b - Searing Ray                    Conjuration                  2
   c - Dazzling Spray                 Conjuration/Hexes            3
   d - Fulminant Prism                Conjuration/Hexes            4
   e - Force Lance                    Conjuration/Translocation    4
   f - Iskenderun's Mystic Blast      Conjuration                  4
 o - a book of Cantrips

   Spells                             Type                      Level
   a - Confusing Touch                Hexes                        1
   b - Animate Skeleton               Necromancy                   1
   c - Summon Small Mammal            Summoning                    1
   d - Apportation                    Translocation                1
 p - a book of Misfortune

   Spells                             Type                      Level
   a - Confusing Touch                Hexes                        1
   b - Confuse                        Hexes                        3
   c - Gell's Gravitas                Translocation                3
   d - Petrify                        Transmutation/Earth          4
   e - Metabolic Englaciation         Hexes/Ice                    5
   f - Yara's Violent Unravelling     Hexes/Transmutation          5
Comestibles
 b - 8 rations


   Skills:
 - Level 1.7 Dodging
 - Level 3.0 Stealth
 + Level 3.8 Spellcasting
 * Level 6.6 Conjurations
 - Level 2.0 Hexes


You had 4 spell levels left.
You knew the following spells:

 Your Spells              Type           Power        Failure   Level  Hunger
a - Magic Dart            Conj           ####         1%          1    None
b - Dazzling Spray        Conj/Hex       ###...       8%          3    ###....
c - Iskenderun's Mystic   Conj           ####....     10%         4    ####...


Dungeon Overview and Level Annotations

Branches:
Dungeon (6/15)
 Temple: D:4-7

Altars:
Ashenzari
Elyvilon
Fedhas
Yredelemnul
Zin
The Shining One

Annotations:
D:3 wotfoxis's ghost, weakling DEWz
D:4 wotfoxis's ghost, novice DECj


Innate Abilities, Weirdness & Mutations

Your plain brown scales are hard. (AC +6)
You cannot fit into any form of body armour.
You are cold-blooded and may be slowed by cold attacks.


Message History

You hear the slow rusting of a drain nearby.
Casting: Dazzling Spray
Confirm with . or Enter, or press ? or * to list all spells.
Aiming: Magic Dart
Press: ? - help, Shift-Dir - straight line, f/p - ice beast
Aim: an ice beast (lightly wounded)
The magic dart hits the ice beast.
The ice beast is lightly wounded.
You barely miss the ice beast.
The ice beast is lightly wounded.
The ice beast barely misses you. The ice beast hits you.
The ice beast freezes you!
You feel a terrible chill!
* * * LOW HITPOINT WARNING * * *
There is an open door here.
A gnoll comes into view. It is wielding a club.
There is a stone staircase leading up here.
The ice beast hits you.
* * * LOW HITPOINT WARNING * * *
The ice beast freezes you!!
You feel a terrible chill!
You die...

...##.#######
............ ..........#
#........#
#........###....#
#........##.....# #
#........##.....#
#..####........##.....#
#.....@Y.......##.....
.g..###†...#######...# .
###....#######...#
...........'.........###
.#..###....#########.##.
.. #....# #.... ######
#.#.% #.... #.###


You could see an ice beast and a gnoll.

Vanquished Creatures
  An ogre (D:4)
  A bullfrog (D:4)
  2 scorpions (D:6)
  A howler monkey (D:5)
  A hound (D:4)
  An orc wizard (D:3)
  Ijyb (D:4)
  5 adders
  A shadow imp (D:6)
  An ooze (D:4)
  An adder skeleton (D:6)
  2 worms (D:3)
  3 leopard geckos
  3 orcs
  4 giant cockroaches
  9 goblins
  8 hobgoblins
  4 jackals (D:1)
  A quokka (D:3)
  10 bats
  7 frilled lizards
  5 kobolds
  A leopard gecko zombie (D:3)
  4 rats
77 creatures vanquished.

Notes
Turn   | Place    | Note
-------+----------+-------------------------------------------
     0 | D:1      | sankara the Draconian Conjurer began the quest for the Orb.
     0 | D:1      | Reached XP level 1. HP: 14/14 MP: 3/3
   453 | D:1      | Reached XP level 2. HP: 20/20 MP: 3/5
  1347 | D:2      | Reached XP level 3. HP: 26/26 MP: 3/6
  1406 | D:2      | Learned a level 3 spell: Dazzling Spray
  1520 | D:2      | Found a glowing golden altar of the Shining One.
  1520 | D:2      | Found a white marble altar of Elyvilon.
  1521 | D:2      | Found a glowing silver altar of Zin.
  2029 | D:2      | Reached skill level 5 in Conjurations
  2181 | D:3      | Found a blossoming altar of Fedhas.
  2183 | D:3      | Noticed wotfoxis's ghost (weakling DEWz)
  2330 | D:3      | Reached XP level 4. HP: 32/33 MP: 6/8
  2641 | D:3      | Reached skill level 1 in Hexes
  2908 | D:3      | Learned a level 4 spell: Iskenderun's Mystic Blast
  3278 | D:4      | Reached XP level 5. HP: 38/38 MP: 4/9
  3547 | D:4      | Noticed Ijyb
  3589 | D:4      | Paralysed by Ijyb for 5 turns
  3597 | D:4      | Killed Ijyb
  3949 | D:4      | Noticed wotfoxis's ghost (novice DECj)
  4214 | D:4      | Got a pitted spear
  4215 | D:4      | Identified the +9 spear of Otoludd {vamp, rF++ rC- Int+2} (You found it on level 4 of the Dungeon)
  4235 | D:4      | Reached XP level 6. HP: 45/45 MP: 10/10
  4462 | D:4      | Reached skill level 6 in Conjurations
  4557 | D:4      | Found a basalt altar of Yredelemnul.
  4600 | D:5      | Entered Level 5 of the Dungeon
  4861 | D:6      | Noticed an ice beast
  4862 | D:6      | Found a shattered altar of Ashenzari.
  4885 | D:6      | Mangled by an ice beast

Skill      XL: |  1  2  3  4  5  6 |
---------------+-------------------+-----
Conjurations   | 5 6 |  6.6
Hexes          | 1 2 |  2.0
Spellcasting   | 3 |  3.8
Stealth        | 2 3 |  3.0
Dodging        | |  1.7

Action                   |  1- 3 |  4- 6 || total
-------------------------+-------+-------++-------
Melee: Unarmed           |    19 |       ||    19
       Tailslap          |     2 |     6 ||     8
       Dagger            |    12 |    35 ||    47
       Spear             |       |    14 ||    14
 Cast: Magic Dart        |    85 |    72 ||   157
       Dazzling Spray    |       |    14 ||    14
  Use: Potion            |     2 |     3 ||     5
       Scroll            |       |     7 ||     7
 Stab: Sleeping          |     1 |       ||     1
       Invisible         |       |     3 ||     3
  Eat: Chunk             |     5 |     8 ||    13
       Ration            |       |     2 ||     2
Armor: Skin              |    22 |    10 ||    32
Dodge: Dodged            |    47 |    30 ||    77
